 Dungeon Crawl Stone Soup version 0.22-b1-26-g9dbaab1 (webtiles) character file.

37 zishaf the Insei (level 3, 0/18 HPs)
             Began as a Vine Stalker Transmuter on Aug 6, 2018.
             Succumbed to an adder's poison
             ... on level 2 of the Dungeon.
             The game lasted 00:01:59 (1019 turns).

zishaf the Insei (Vine Stalker Transmuter)          Turns: 1019, Time: 00:01:59

Health: 0/18       AC:  5    Str: 13    XL:     3   Next: 39%
Magic:  7/7        EV: 17    Int: 18    God:
Gold:   46         SH:  0    Dex: 19    Spells: 5/6 levels left

rFire    + . .     SeeInvis .     - Unarmed
rCold    + . .     Gourm    .   (no shield)
rNeg     . . .     Faith    .   c - +2 leather armour {MR+}
rPois    +         Spirit   +   (no helmet)
rElec    +         Reflect  .   (no cloak)
rCorr    +         Harm     .   (no gloves)
MR       +....                  (no boots)
Stlth    ++........             (no amulet)
HPRegen  0.06/turn              (no ring)
MPRegen  0.10/turn              (no ring)

@: brilliant, agile, lethally poisoned (0 -> -3), resistant, hasted, very quick
A: fangs 2, magic shield, antimagic bite, no potion heal 3, rot immunity
a: no special abilities


You were on level 2 of the Dungeon.
You were not hungry.

You visited 1 branch of the dungeon, and saw 2 of its levels.

You collected 46 gold pieces.

Inventory:

Missiles
 a - 12 arrows
Armour
 c - a +2 leather armour of magic resistance (worn)
Scrolls
 b - a scroll of random uselessness {unknown}
 f - a scroll of remove curse {unknown}
 h - a scroll of teleportation {unknown}
Comestibles
 d - a ration


   Skills:
 + Level 1.5 Fighting
 + Level 2.0 Dodging
 + Level 3.3 Unarmed Combat
 - Level 2.1 Spellcasting
 + Level 2.5 Transmutations


You had 5 spell levels left.
You knew the following spells:

 Your Spells              Type           Power        Failure   Level  Hunger
a - Beastly Appendage     Tmut           ###...       1%          1    #......

Your spell library contained the following spells:

 Spells                   Type           Power        Failure   Level  Hunger
 Apportation              Tloc           ##....       2%          1    #......
 Summon Small Mammal      Summ           ##..         2%          1    #......
 Animate Skeleton         Necr           N/A          2%          1    #......
 Spider Form              Tmut/Pois      ###.......   4%          3    ###....
 Blade Hands              Tmut           ###.......   22%         5    ######.
 Ice Form                 Ice/Tmut       ###.....     14%         4    #####..
 Confusing Touch          Hex            ##....       2%          1    #......
 Sticks to Snakes         Tmut           ###.....     1%          2    ###....


Dungeon Overview and Level Annotations

Branches:
Dungeon (2/15)

Altars:


Innate Abilities, Weirdness & Mutations

You have extremely sharp teeth.
When hurt, damage is shared between your health and your magic reserves.
Your bite disrupts and absorbs the magic of your enemies.
Potions cannot restore your health.
You are immune to rotting.


Message History

* * * LOW HITPOINT WARNING * * *
You feel sick.
You see here an adder corpse.
* * * LOW HITPOINT WARNING * * *
You feel sick.
A goblin comes into view. It is wielding a club.
You see here 8 gold pieces.
* * * LOW HITPOINT WARNING * * *
You feel sick.
The goblin shouts!
Found a chain mail.
You barely miss the goblin. You punch the goblin.
You kill the goblin!
You see here a club.
* * * LOW HITPOINT WARNING * * *
You feel sick.
A frilled lizard comes into view.
The frilled lizard hisses angrily.
A hobgoblin comes into view. It is wielding a club.
You die...

...... ...[..
g.....## ......#
......##+#########
#............#
#............#
...#####......).....#
.......@............#
....................#
.....l....$.#########
.............#
...########..# ..
#..# . ######..#
#.......# #.......#


You could see a frilled lizard.

Vanquished Creatures
  An adder (D:2)
  2 dart slugs (D:1)
  A leopard gecko (D:1)
  A giant cockroach (D:1)
  5 goblins
  2 hobgoblins (D:1)
  4 bats (D:1)
  A frilled lizard (D:1)
  3 kobolds (D:1)
  A rat (D:1)
21 creatures vanquished.

Notes
Turn   | Place    | Note
-------+----------+-------------------------------------------
     0 | D:1      | zishaf the Vine Stalker Transmuter began the quest for the Orb.
     0 | D:1      | Reached XP level 1. HP: 9/9 MP: 4/4
    78 | D:1      | Reached skill level 1 in Fighting
   192 | D:1      | Reached XP level 2. HP: 10/14 MP: 4/6
   709 | D:1      | Reached XP level 3. HP: 18/18 MP: 7/7
  1019 | D:2      | Succumbed to an adder's poison

Skill      XL: |  1  2  3 |
---------------+----------+-----
Fighting       | 1 |  1.5
Dodging        | 2 |  2.0
Unarmed Combat | |  3.3
Spellcasting   | |  2.1
Transmutations | |  2.5

Action                   || total
-------------------------++-------
Melee: Unarmed           ||    68
       Bite              ||    12
       Punch             ||     2
  Use: Potion            ||     4
Armor: Leather armour    ||    14
Dodge: Dodged            ||    43
